 Seeded DCSS version 0.24-a0-271-ga0fc33f (webtiles) character file.

Game seed: 8756599878910331727

8 AngleWyrm the Chiller (level 2, 0/15 HPs)
             Began as a Gargoyle Ice Elementalist on Apr 23, 2019.
             Slain by a hobgoblin
             ... wielding a cursed -2 club
              (4 damage)
             ... on level 1 of the Dungeon.
             The game lasted 00:06:23 (718 turns).

AngleWyrm the Chiller (Gargoyle Ice Elementalist)    Turns: 718, Time: 00:06:24

Health: 0/15       AC:  4    Str: 11    XL:     2   Next: 8%
Magic:  5/5        EV: 12    Int: 15    God:
Gold:   12         SH:  0    Dex: 10    Spells: 2/5 levels left

rFire    . . .     SeeInvis .   (no weapon)
rCold    . . .     Gourm    .   (no shield)
rNeg     + . .     Faith    .   a - +0 robe
rPois    ∞         Spirit   .   (no helmet)
rElec    +         Reflect  .   (no cloak)
rCorr    .         Harm     .   (no gloves)
MR       .....                  (no boots)
Stlth    ++........             (no amulet)
HPRegen  0.05/turn              (no ring)
MPRegen  0.09/turn              (no ring)

@: no status effects
A: negative energy resistance 1, electricity resistance, unbreathing,
petrification resistance, rot immunity, AC +2
a: no special abilities


You were on level 1 of the Dungeon.
You were not hungry.

You visited 1 branch of the dungeon, and saw 3 of its levels.

You collected 12 gold pieces.

Inventory:

Hand Weapons
 d - a +0 hunting sling
Armour
 a - a +0 robe (worn)
Scrolls
 b - 3 scrolls of teleportation {unknown}
Comestibles
 c - a ration


   Skills:
 + Level 1.5 Dodging
 + Level 2.2 Stealth
 + Level 2.2 Spellcasting
 + Level 1.1 Conjurations
 + Level 3.3 Ice Magic


You had 2 spell levels left.
You knew the following spells:

 Your Spells              Type           Power        Failure   Level  Hunger
a - Freeze                Ice            ##..         5%          1    #......
b - Throw Frost           Conj/Ice       #.....       13%         2    ###....

Your spell library contained the following spells:

 Spells                   Type           Power        Failure   Level  Hunger
 Ozocubu's Armour         Chrm/Ice       #.......     32%         3    ###....
 Throw Icicle             Conj/Ice       #.......     65%         4    #####..
 Summon Ice Beast         Ice/Summ       #.......     73%         4    #####..


Dungeon Overview and Level Annotations

Branches:
Dungeon (3/15)

Altars:


Innate Abilities, Weirdness & Mutations

You are resistant to torment.
Your stone body is resilient. (AC +2)
You are immune to poison.
You resist negative energy. (rN+)
You are resistant to electric shocks. (rElec)
You can survive without breathing.
You are immune to petrification.
You are immune to rotting.


Message History

The goblin barely misses you.
You hit the hobgoblin but do no damage.
The hobgoblin is heavily wounded.
The hobgoblin closely misses you. The goblin hits you with a +0 dagger.
You hit the hobgoblin.
The hobgoblin is severely wounded.
The hobgoblin closely misses you. The goblin barely misses you.
You closely miss the hobgoblin.
The hobgoblin is severely wounded.
The hobgoblin hits you with a cursed -2 club.
The goblin barely misses you.
You hit the hobgoblin but do no damage.
The hobgoblin is severely wounded.
The hobgoblin hits you with a cursed -2 club.
* * * LOW HITPOINT WARNING * * *
The goblin misses you.
You barely miss the hobgoblin.
The hobgoblin is severely wounded.
The hobgoblin hits you with a cursed -2 club.
You die...

.... #. ... ##.
#.############..
#.#......>...... ##
##.....#########.
...#####...†#..### ##..
##......$#####...# #..#
....#.gs...#####.####.##
.....Jg@...........##.#
[...######..###...(...#
### ##.# #..#..###
#.##..##...#
.....###...# ##...
###... ###. .... ###
##.. ..


You could see an ooze, a giant cockroach, a hobgoblin and a goblin.

Vanquished Creatures
  An orc (D:2)
  2 giant cockroaches
  A goblin (D:1)
  3 rats
7 creatures vanquished.

Notes
Turn   | Place    | Note
-------+----------+-------------------------------------------
     0 | D:1      | AngleWyrm the Gargoyle Ice Elementalist began the quest for
                  | the Orb.
     0 | D:1      | Reached XP level 1. HP: 10/10 MP: 3/3
    57 | D:1      | You fall through a shaft!
   350 | D:2      | You fall through a shaft!
   350 | D:3      | Noticed an orc wizard
   452 | D:1      | Reached XP level 2. HP: 5/15 MP: 0/5
   456 | D:1      | Learned a level 2 spell: Throw Frost
   718 | D:1      | Slain by a hobgoblin

Levels and vault maps discovered:
D:1:      wander_arrival_chamber, layout_rooms, minivault_24
D:2:      layout_basic
D:3:      layout_rooms, uniq_terence, uniq_grinder, uniq_ijyb

Action                   || total
-------------------------++-------
Melee: Unarmed           ||    21
 Cast: Freeze            ||    13
       Throw Frost       ||     1
Armor: Robe              ||    10
Dodge: Dodged            ||    30

Table legend:
 A = Non-vault XP
 B = Vault XP
 C = Vault XP percentage of total XP
 D = Non-vault monster count
 E = Vault monster count
 F = Vault count percentage of total count
                 A         B        C        D         E       F
            +---------+---------+-------+---------+---------+-------
      Total |      12 |       0 |   0.0 |       7 |       0 |   0.0
            +---------+---------+-------+---------+---------+-------
        D:1 |       6 |       0 |   0.0 |       4 |       0 |   0.0
        D:2 |       6 |       0 |   0.0 |       3 |       0 |   0.0
            +---------+---------+-------+---------+---------+-------
